 Dungeon Crawl Stone Soup version 0.16.1-18-g436b03c (webtiles) character file.

240 EmilioHeskey the Shield-Bearer (level 6, -8/49 HPs)
             Began as a Formicid Fighter on May 10, 2015.
             Mangled by an ogre
             ... wielding a +0 giant club
              (12 damage)
             ... on level 4 of the Dungeon.
             The game lasted 00:05:35 (3203 turns).

EmilioHeskey the Shield-Bearer (Formicid Fighter)   Turns: 3203, Time: 00:05:36

Health: -8/49      AC:  7    Str: 20    XL:     6   Next: 30%
Magic:  8/8        EV:  8    Int:  8    God:
Gold:   65         SH: 10    Dex: 12    Spells: 0 memorised, 5 levels left

rFire  . . .     SeeInvis +     i - -2 halberd (curse)
rCold  . . .     Clarity  .     b - +0 scale mail
rNeg   . . .     SustAb   .     c - +0 shield
rPois  .         Gourm    .     (helmet unavailable)
rElec  .         Spirit   .     (no cloak)
rCorr  .         Warding  .     (no gloves)
rMut   .         Stasis   +     (no boots)
MR     .....                    (no amulet)
Stlth  ..........               (no ring)
                                (no ring)

@: not resistant to hostile enchantments, extremely unstealthy
A: permanent stasis, dig shafts and tunnels, four strong arms, antennae 3, sense
surroundings 1
a: Dig, Shaft Self


You were on level 4 of the Dungeon.
You were near starving.

You visited 1 branch of the dungeon, and saw 4 of its levels.

You collected 65 gold pieces.

Inventory:

Hand weapons
 a - a +1 trident
 i - a cursed -2 halberd (weapon)
Missiles
 f - a throwing net (quivered)
Armour
 b - a +0 scale mail (worn)
 c - a +0 shield (worn)
Magical devices
 e - a wand of fireball (3)
 s - a wand of paralysis (4)
Scrolls
 m - a scroll of fog
Books
 n - an Akashic Record {highlevel, unknown}

   This book is beyond your current level of understanding.

   Spells                             Type                      Level
   a - Dispersal                      Translocation                6
   b - Controlled Blink               Translocation                7
   c - Malign Gateway                 Summoning/Translocation      7
   d - Disjunction                    Translocation                8
   e - Singularity                    Translocation                9
Comestibles
 d - 2 bread rations
 g - 3 meat rations
 h - a beef jerky


   Skills:
 + Level 4.3 Fighting
 + Level 3.4 Polearms
 + Level 4.8 Armour
 + Level 5.0 Shields


You had 5 spell levels left.
You didn't know any spells.

Dungeon Overview and Level Annotations

Branches:
Dungeon (4/15)
 Temple: D:4-7

Altars:
Trog


Innate Abilities, Weirdness & Mutations

You are under a permanent stasis effect.
You can dig through walls and to a lower floor.
Your four strong arms can wield two-handed weapons with a shield.
You have a pair of large antennae on your head (SInv).
You passively map a small area around you.


Message History

Unknown command.
Unknown command.
Your shield and scale mail prevent you from hitting the ogre.
The ogre hits you with a giant club!!
You slash the ogre!
The ogre is moderately wounded.
The ogre hits you with a giant club!
* * * LOW HITPOINT WARNING * * *
Evoke which item? (* to show all) (? for menu, Esc to quit)
Zapping:
s - a wand of paralysis {zapped: 2} (will waste charges)
Press: ? - help, Shift-Dir - straight line, f - ogre
Aim: an ogre, wielding a giant club (moderately wounded, chance 46%)
The ogre resists with some effort.
Evoking this partially-identified wand wasted a few charges.
The ogre hits you with a giant club.
* * * LOW HITPOINT WARNING * * *
You hit the ogre.
The ogre is moderately wounded.
The ogre hits you with a giant club!
You die...

* * * , , , ####
,* ... ..#* ,, ,
#.# ##.#
#..####).######*,
#........$O@...# ,
,
....###.#####....#
, #.....# ..# , ,
...[##..# * . ..
#..# , , , *#g.# ,
#.g# * , * #.O. *
##.# , * ,


You could see an ogre.

Vanquished Creatures
  A hound (D:3)
  An orc priest (D:3)
  4 gnolls (D:3)
  5 adders
  6 worms
  2 giant geckos (D:2)
  4 orcs (D:3)
  3 giant cockroaches
  5 hobgoblins
  4 jackals (D:2)
  3 quokkas
  4 bats
  5 giant newts
  4 goblins
  7 kobolds
  8 rats
66 creatures vanquished.

Notes
Turn   | Place    | Note
--------------------------------------------------------------
     0 | D:1      | EmilioHeskey, the Formicid Fighter, began the quest for the Orb.
     0 | D:1      | Reached XP level 1. HP: 18/18 MP: 1/1
   155 | D:1      | Reached XP level 2. HP: 18/24 MP: 3/3
   676 | D:2      | Reached XP level 3. HP: 26/29 MP: 4/4
   685 | D:2      | Reached skill level 4 in Shields
   793 | D:2      | Reached XP level 4. HP: 35/37 MP: 5/5
  1376 | D:3      | Reached XP level 5. HP: 20/42 MP: 7/7
  2004 | D:3      | Found a bloodstained altar of Trog.
  2513 | D:3      | Gained mutation: You passively map a small area around you. [potion of beneficial mutation]
  2531 | D:4      | Noticed an ogre
  2891 | D:3      | Reached XP level 6. HP: 31/49 MP: 8/8
  3024 | D:3      | Reached skill level 5 in Shields
  3203 | D:4      | Mangled by an ogre

Action                   |  1- 3 |  4- 6 || total
-------------------------+-------+-------++-------
Melee: Trident           |    52 |   208 ||   260
       Halberd           |       |     3 ||     3
Evoke: Wand              |       |     1 ||     1
  Use: Potion            |       |     7 ||     7
       Scroll            |       |     3 ||     3
  Eat: Chunk             |       |     6 ||     6
